 Dungeon Crawl Stone Soup version 0.21.1 (webtiles) character file.

1159 Santangelo the Poker (level 8, -4/64 HPs)
             Began as a Human Chaos Knight on Feb 2, 2018.
             Slain by bmj180's ghost (13 damage)
             ... on level 6 of the Dungeon.
             The game lasted 00:48:44 (5365 turns).

Santangelo the Poker (Human Chaos Knight)           Turns: 5365, Time: 00:48:45

Health: -4/64      AC: 10    Str: 13    XL:     8   Next: 66%
Magic:  11/11      EV:  5    Int: 12    God:    Xom [..*...]
Gold:   301        SH:  0    Dex: 15    Spells: 11/11 levels left

rFire    x . .     SeeInvis .   a - +1 spear (chaos)
rCold    + . .     Gourm    .   (no shield)
rNeg     . . .     Faith    .   K - +0 plate armour
rPois    +         Spirit   .   (helmet restricted)
rElec    .         Reflect  .   (no cloak)
rCorr    .         Harm     .   (no gloves)
MR       ++...                  r - +0 pair of boots
Stlth    ..........             (no amulet)
HPRegen  0.20/turn              e - ring of ice
MPRegen  0.12/turn              n - ring of protection from magic

@: corroded
A: antennae 1, magic resistance 1, mutation resistance 2, poison resistance,
shaggy fur 1
a: Renounce Religion


You were on level 6 of the Dungeon.
You worshipped Xom.
You were a toy of Xom.
You were not hungry.

You visited 1 branch of the dungeon, and saw 6 of its levels.

You collected 301 gold pieces.

Inventory:

Hand Weapons
 a - a +1 spear of chaos (weapon)
 f - a +2 shortbow of freezing
 u - a +0 dagger
 v - a cursed -2 hunting sling
 B - a +0 shortbow
 E - a +0 hand axe
 F - a +2 vampiric spear
 H - a +0 club
 I - a +1 giant spiked club of chaos
 N - a +0 flail
 Q - a +0 spear
 R - a +0 hunting sling
 S - a +0 falchion
 T - a +0 hunting sling
 U - a +0 falchion
 W - a +0 whip
Missiles
 d - 61 sling bullets
 g - 7 needles of confusion
 i - 135 arrows
 w - 212 stones (quivered)
 y - 2 tomahawks
Armour
 b - a +2 leather armour
 j - a +0 scale mail
 o - a cursed +0 naga barding
 r - a +0 pair of boots (worn)
 z - a +0 plate armour
 C - a +0 scale mail
 K - a +0 plate armour (worn)
 P - a +0 ring mail
 Y - a +0 ring mail
Jewellery
 e - a ring of ice (left hand)
 n - a ring of protection from magic (right hand)
Wands
 X - a wand of paralysis (7)
Scrolls
 h - a scroll of identify
 p - 3 scrolls of amnesia
 A - 3 scrolls of fear
 D - 3 scrolls of fog
 G - a scroll of magic mapping
 L - a scroll of blinking
Potions
 k - a potion of berserk rage {unknown}
 l - 2 potions of lignification
 m - a potion of might {unknown}
 x - a potion of haste
Miscellaneous
 q - a phantom mirror
Comestibles
 c - 5 rations


   Skills:
 + Level 6.2 Fighting
 + Level 2.2 Maces & Flails
 + Level 6.5 Polearms
 + Level 2.3 Throwing
 + Level 4.6 Armour
 + Level 4.0 Dodging
 + Level 4.5 Stealth
 + Level 2.2 Unarmed Combat
 + Level 2.0 Spellcasting


You had 11 spell levels left.
You didn't know any spells.

Dungeon Overview and Level Annotations

Branches:
Dungeon (6/15)             Temple (0/1) D:4

Altars:
Wu Jian
Xom

Annotations:
D:6 bmj180's ghost, novice HOFi


Innate Abilities, Weirdness & Mutations

You have a pair of small antennae on your head.
You are resistant to hostile enchantments. (MR+)
You are somewhat resistant to both further mutation and mutation removal.
Your system is resistant to poisons. (rPois)
You are covered in fur. (AC +1)


Message History

Bmj180's ghost seems to speed up.
Bmj180's ghost is heavily damaged.
Bmj180's ghost hits you. Bmj180's ghost burns you.
You hit bmj180's ghost. You burn bmj180's ghost.
Bmj180's ghost is heavily damaged.
The jelly hits you but does no damage.
You hit bmj180's ghost.
Bmj180's ghost flickers and vanishes!
Deactivating autopickup; reactivate with Ctrl-A.
Something hits you but does no damage. The jelly hits you but does no damage.
You hit the jelly. You freeze the jelly. The acid corrodes you!
Your hands burn!
The jelly is heavily wounded.
Something hits you! Something burns you!
* * * LOW HITPOINT WARNING * * *
The jelly hits you but does no damage.
You hit the jelly but do no damage.
Your hands burn!
* * * LOW HITPOINT WARNING * * *
The jelly is heavily wounded.
Something hits you!
You die...

>...# #...#
#...# #...#
##...# ....#
#{.# #@.# #J.#
##J.##..#
.......<#
##.............
##.##.########
#.. #.# ... ..#
#. ####


You could see a jelly.

Vanquished Creatures
  5 ogres
  2 centaurs
  2 bullfrogs (D:4)
  A scorpion (D:5)
  3 howler monkeys
  An orc priest (D:3)
  An iguana (D:4)
  A jelly (shapeshifter) (D:5)
  An orc wizard (D:3)
  A bullfrog skeleton (D:5)
  2 worker ants (D:5)
  2 adders
  A howler monkey skeleton (D:5)
  An ooze (shapeshifter) (D:4)
  An ooze (D:1)
  3 adder skeletons (D:5)
  4 worms
  3 dart slugs
  A leopard gecko (D:2)
  5 orcs (D:3)
  6 giant cockroaches
  7 goblins
  7 hobgoblins
  5 kobolds
  A quokka (D:2)
  6 bats
  A frilled lizard (D:2)
  10 rats
84 creatures vanquished.

Vanquished Creatures (others)
  A crimson imp (D:5)
  An adder (D:5)
2 creatures vanquished.

Grand Total: 86 creatures vanquished

Notes
Turn   | Place    | Note
-------+----------+-------------------------------------------
     0 | D:1      | Santangelo the Human Chaos Knight began the quest for the Orb.
     0 | D:1      | Reached XP level 1. HP: 18/18 MP: 1/1
   124 | D:1      | XOM: harmless Tloc miscast
   168 | D:1      | XOM: god gift: scroll labeled LICUCV RU UMEP {god gift}
   172 | D:1      | Reached XP level 2. HP: 17/24 MP: 2/2
   177 | D:1      | Reached skill level 5 in Polearms
   177 | D:1      | Reached XP level 3. HP: 24/32 MP: 2/6
   845 | D:1      | XOM: divination: detect creatures
   895 | D:2      | Reached XP level 4. HP: 28/38 MP: 7/7
  1085 | D:2      | XOM: 3-stop teleportation journey
  1098 | D:2      | Reached skill level 5 in Fighting
  1111 | D:2      | XOM: scenery: create altars
  1119 | D:2      | Reached XP level 5. HP: 42/44 MP: 8/8
  1141 | D:2      | XOM: enchant monster (good)
  1364 | D:2      | XOM: summons 1 hostile demon
  1852 | D:3      | XOM: swap monsters
  2177 | D:3      | XOM: blink monster(s)
  2194 | D:3      | Reached XP level 6. HP: 8/51 MP: 9/9
  2467 | D:3      | XOM: noise
  2560 | D:3      | XOM: 1-stop teleportation journey
  2814 | D:3      | XOM: scenery: create altars
  2924 | D:3      | XOM: god gift: phantom mirror
  3118 | D:4      | XOM: cloud trail
  3171 | D:4      | XOM: polymorph giant cockroach -> jackal
  3174 | D:4      | XOM: divination: detect creatures
  3177 | D:4      | XOM: enchant monster (good)
  3185 | D:4      | XOM: scenery: create altars
  3188 | D:4      | XOM: scenery: create altars
  3217 | D:4      | Reached XP level 7. HP: 35/56 MP: 10/10
  3239 | D:4      | XOM: give mutations
  3239 | D:4      | Gained mutation: You are covered in fur. (AC +1) [Xom's grace]
  3239 | D:4      | Gained mutation: You are somewhat resistant to further mutation. [Xom's grace]
  3239 | D:4      | Gained mutation: You are resistant to hostile enchantments. (MR+) [Xom's grace]
  3239 | D:4      | Gained mutation: You have a pair of small antennae on your head. [Xom's grace]
  3378 | D:4      | XOM: potion effect (might)
  3440 | D:4      | XOM: give mutations
  3440 | D:4      | Gained mutation: Your system is resistant to poisons. (rPois) [Xom's grace]
  3440 | D:4      | Gained mutation: You are somewhat resistant to both further mutation and mutation removal. [Xom's grace]
  3666 | D:4      | Found a staircase to the Ecumenical Temple.
  3892 | D:4      | XOM: cloud trail
  3901 | D:5      | Entered Level 5 of the Dungeon
  4127 | D:5      | Reached XP level 8. HP: 56/64 MP: 11/11
  4217 | D:5      | XOM: polymorph ogre -> wolf
  4235 | D:5      | XOM: enchant monster (good)
  4252 | D:5      | XOM: chaos upgrade
  4262 | D:5      | XOM: 2-stop teleportation journey
  4267 | D:5      | XOM: silly message
  4385 | D:5      | XOM: silly message
  4657 | D:5      | XOM: divination: detect items
  4940 | D:5      | XOM: silly message
  5029 | D:5      | Found an ornate altar of the Wu Jian Council.
  5346 | D:6      | Noticed bmj180's ghost (novice HOFi)
  5365 | D:6      | Slain by bmj180's ghost

Skill      XL: |  1  2  3  4  5  6  7  8 |
---------------+-------------------------+-----
Fighting       | 4 5 6 |  6.2
Maces & Flails | 2 |  2.2
Polearms       | 5 6 |  6.5
Throwing       | 2 |  2.3
Armour         | 3 4 |  4.6
Dodging        | 3 4 |  4.0
Stealth        | 2 3 4 |  4.5
Unarmed Combat | 2 |  2.2
Spellcasting   | 2 |  2.0

Action                   |  1- 3 |  4- 6 |  7- 9 || total
-------------------------+-------+-------+-------++-------
Melee: Spear             |    60 |   238 |   141 ||   439
       Punch             |       |       |     1 ||     1
  Use: Scroll            |     3 |     8 |     3 ||    14
       Potion            |     1 |     2 |     7 ||    10
 Stab: Petrified         |     2 |     8 |       ||    10
       Sleeping          |     2 |       |       ||     2
       Paralysed         |       |     1 |     3 ||     4
       Confused          |       |     1 |     2 ||     3
       Petrifying        |       |     1 |     2 ||     3
       Invisible         |       |       |     1 ||     1
  Eat: Chunk             |       |     7 |       ||     7
       Ration            |       |       |     2 ||     2
Armor: Leather armour    |    32 |    34 |       ||    66
       Scale mail        |       |    12 |       ||    12
       Plate armour      |       |    75 |    65 ||   140
       Skin              |       |     1 |       ||     1
Dodge: Dodged            |    36 |    90 |    27 ||   153
